 Dungeon Crawl Stone Soup version 0.30-a0-373-gd37427bb62 (webtiles) character file.

Game seed: 9825192837273306789

12 vineage the Trooper (level 2, 0/33 HPs)
             Began as an Ogre Fighter on Nov 24, 2022.
             Frozen to death by an endoplasm (5 damage)
             ... on level 1 of the Dungeon.
             The game lasted 00:00:29 (128 turns).

vineage the Trooper (Ogre Fighter)                   Turns: 128, Time: 00:00:30

Health: 0/33       AC:  3    Str: 19    XL:     2   Next: 33%
Magic:  2/2        EV:  8    Int:  9    God:
Gold:   13         SH:  7    Dex:  8    Spells: 1/1 levels left

rFire   . . .      SeeInvis .    a - +0 flail
rCold   . . .      Faith    .    c - +0 kite shield
rNeg    . . .      Spirit   .    b - +0 robe
rPois   .          Reflect  .    (helmet restricted)
rElec   .          Harm     .    (no cloak)
rCorr   .          Rampage  .    (gloves unavailable)
Will    .....                    (boots unavailable)
Stlth   +.........               (no amulet)
HPRegen 0.25/turn                (no ring)
MPRegen 0.08/turn                (no ring)

@: no status effects
A: large, unfitting armour, tough skin 1
a: no special abilities


You were on level 1 of the Dungeon.
You visited 1 branch of the dungeon, and saw 1 of its levels.

You collected 13 gold pieces.

Inventory:

Hand Weapons
 a - a +0 flail (weapon)
Armour
 b - a +0 robe (worn)
 c - a +0 kite shield (worn)
Potions
 e - a potion of mutation {unknown}


   Skills:
 * Level 4.5 Fighting
 + Level 2.0 Maces & Flails
 - Level 2.6 Dodging
 + Level 3.1 Shields


You had one spell level left.
You didn't know any spells.
Your spell library was empty.

Dungeon Overview and Level Annotations

Branches:
Dungeon (1/15)

Altars:


Innate Abilities, Weirdness & Mutations

You are too large for most types of armour.
You have tough skin. (AC +1)


Message History

You are frozen.
You barely miss the endoplasm. The kobold barely misses you.
The endoplasm freezes you.
You are frozen.
You barely miss the endoplasm. You block the kobold's attack.
The endoplasm jiggles.
The endoplasm freezes you.
You are frozen.
The kobold hits you with a +0 whip. You block the endoplasm's attack.
The endoplasm hits you.
You hit the endoplasm.
The endoplasm is heavily wounded.
The kobold barely misses you. The endoplasm freezes you.
You are frozen.
The endoplasm freezes you.
You are frozen.
The kobold attacks as you move away! You block the kobold's attack.
The endoplasm jiggles.
The kobold attacks as you move away! The kobold hits you with a +0 whip.
The endoplasm jiggles.
The kobold attacks as you move away! The kobold hits you with a +0 whip.
* * * LOW HITPOINT WARNING * * *
Found 6 gold pieces.
You sock the kobold!
You kill the kobold!
The endoplasm freezes you.
You are frozen.
* * * LOW HITPOINT WARNING * * *
You hit the endoplasm but do no damage.
The endoplasm is heavily wounded.
The endoplasm barely misses you.
You sock the endoplasm!
You kill the endoplasm!
The endoplasm hits you.
* * * LOW HITPOINT WARNING * * *
You hit the endoplasm but do no damage. You block the endoplasm's attack.
You hit the endoplasm but do no damage. The endoplasm freezes you.
You are frozen.
You die...

......$ ....... .......
......... ..# ......... ..
..# ......... #..#.##
..........###..... #.. #.
.........@##..#.# ...
..###.##...##J##.#..# ....
...#..##.)##......###... .
........)...........#####..
#....###......'#≈≈##..=...
#.....#......#....#.....#
######.....:.....≈....≈.....#
.......(....#....≈.<⌠.≈.)...#
#................≈....≈.....#


You could see an endoplasm.

Vanquished Creatures
  A bat (D:1)
  An endoplasm (D:1)
  A giant cockroach (D:1)
  2 goblins (D:1)
  A hobgoblin (D:1)
  2 jackals (D:1)
  A kobold (D:1)
9 creatures vanquished.

Notes
Turn   | Place    | Note
-------+----------+-------------------------------------------
     0 | D:1      | vineage the Ogre Fighter began the quest for the Orb.
     0 | D:1      | Reached XP level 1. HP: 24/24 MP: 1/1
    31 | D:1      | Reached XP level 2. HP: 17/33 MP: 2/2
   128 | D:1      | Frozen to death by an endoplasm

Illustrated notes

Levels and vault maps discovered:
D:1:      dpeg_arrival_rooms_with_view, layout_rooms

Skill      XL: |  1  2 |
---------------+-------+-----
Maces & Flails | 2 |  2.0
Fighting       | |  4.5
Dodging        | |  2.6
Shields        | |  3.1

Action                   || total
-------------------------++-------
Melee: Flail             ||    27
  Use: Potion            ||     1
Armor: Robe              ||    17
Dodge: Dodged            ||    14
Block: Kite shield       ||    15

Table legend: (Time is in decaauts)
 A = Elapsed time spent in this place.
 B = Non-inter-level travel time spent in this place.
 C = Inter-level travel time spent in this place.
 D = Time resting spent in this place.
 E = Time spent auto-exploring this place.
 F = Levels seen in this place.
 G = Mean time per level.
                   A        B        C        D        E       F      G
               +--------+--------+--------+--------+--------+-----+--------+
         Total |    139 |    139 |      0 |      0 |     77 |   1 |  139.0 |
       Dungeon |    139 |    139 |      0 |      0 |     77 |   1 |  139.0 |
               +--------+--------+--------+--------+--------+-----+--------+

Top non-repeatable levels by time:
     D:1: 139 daAuts
